 Dungeon Crawl Stone Soup version 0.31.0-9-g3a7656b989 (webtiles) character file.

Game seed: 3465898337222984926

27 qw the Shooter (level 2, -1/16 HPs)
             Began as a Deep Elf Hunter on Feb 2, 2024.
             Succumbed to their own poison gas
             ... on level 2 of the Dungeon.
             The game lasted 00:00:04 (1379 turns).

qw the Shooter (Deep Elf Hunter)                    Turns: 1379, Time: 00:00:04

Health: -1/16      AC:  8    Str:  7 (8)  XL:     2   Next: 93%
Magic:  4/4        EV: 10    Int: 11 (13) God:
Gold:   61         SH:  0    Dex: 15 (18) Spells: 1/1 levels left

rFire   . . .        a - +2 shortbow (flame)
rCold   . . .        (shield currently unavailable)
rNeg    . . .        b - +0 ring mail
rPois   .            (no helmet)
rElec   .            (no cloak)
rCorr   .            i - +2 pair of gloves
SInv    .            (no boots)
Will    .....        (no amulet)
Stlth   +            (no ring)
HPRegen 0.22/turn    (no ring)
MPRegen 0.09/turn

%: no passive effects
@: lethally poisoned (-1 -> -10)
A: no striking features
a: no special abilities


You were on level 2 of the Dungeon.
You visited 1 branch of the dungeon, and saw 2 of its levels.

You collected 61 gold pieces.


   Skills:
 - Level 1.5 Fighting
 + Level 6.6 Ranged Weapons
 - Level 2.4 Dodging
 - Level 1.2 Stealth


You had one spell level left.
You didn't know any spells.
Your spell library was empty.

Inventory:

Hand Weapons
 a - a +2 shortbow of flaming (weapon)
Armour
 b - a +0 ring mail (worn)
 i - a +2 pair of gloves (worn)
Scrolls
 n - a scroll of teleportation
Potions
 d - a potion of heal wounds {unknown}
 g - a potion of curing {unknown}
 j - a potion of haste {unknown}
 k - a potion of enlightenment {unknown}
 p - a potion of cancellation {unknown}
 q - a potion of might {unknown}

Dungeon Overview and Level Annotations

Branches:
Dungeon (2/15)

Altars:


Message History

Your adder is engulfed in poison gas.
Your adder is poisoned.
Done exploring.
1375 ||| DROPPING potion of degeneration.
You drop a potion of degeneration.
Your ball python is engulfed in poison gas.
Your ball python is poisoned.
You kill your ball python!
Your ball python's corpse dissolves into shadows!
Your adder is engulfed in poison gas.
Your adder looks even sicker.
Done exploring.
What level of the Dungeon? (default 2, ? - help) Sorry, I don't know how to get there.
Enter note:
Enter note:
Enter note:
Enter note:
Enter note:
Enter note:
Enter note:
Enter note:
Enter note: You are engulfed in poison gas.
You are lethally poisoned!
You feel very sick.
Your adder is engulfed in poison gas.
Your adder looks even sicker.
1377 ||| Stepping ~*~*~tactically~*~*~ (cloud).
You feel very sick.
Your adder is engulfed in poison gas.
Your adder looks as sick as possible!
You kill your adder!
Your adder's corpse dissolves into shadows!
Things that are here:
a potion of degeneration; a +0 leather armour
There is a lethal amount of poison in your body!
You feel very sick.
There is a lethal amount of poison in your body!
You die...

#.........(..........#
#######.000¤¤0¤¤0....#
#.00¤00¤¤¤.....#
##00¤000¤......##
#####0¤¤¤¤##......#
#¤¤00¤¤¤¤¤##¤.....#
##00¤0000¤¤00.....# ##
#¤¤¤0¤¤¤¤¤00###### #.
#¤¤00@¤00¤¤0# #.
#¤0000¤¤¤0¤0# #.
#¤000¤0¤¤000# ####
#¤0000¤¤¤0¤¤# #...
#000¤¤¤¤0¤¤¤# #.#.
#¤0¤000¤¤0¤0# #...
############# #...
#.#. #.##


There were no monsters in sight!

Vanquished Creatures
  A dart slug (D:1)
  2 ball pythons (D:1)
  3 endoplasms
  A giant cockroach (D:2)
  2 goblins
  3 hobgoblins
  2 kobolds (D:1)
  A quokka (D:2)
  3 bats
  2 frilled lizards (D:1)
  2 rats (D:1)
22 creatures vanquished.

Notes
Turn   | Place    | Note
-------+----------+-------------------------------------------
     0 | D:1      | qw the Deep Elf Hunter began the quest for the Orb.
     0 | D:1      | Reached XP level 1. HP: 12/12 MP: 3/3
     0 | D:1      | 0 ||| qw: Version: 0.3-a-155-g5e7d8dd
     0 | D:1      | 0 ||| qw: Game counter: 2205
     0 | D:1      | 0 ||| qw: Melee chars always use a shield: true
     0 | D:1      | 0 ||| qw: God list: Okawaru
     0 | D:1      | 0 ||| qw: Allow faded altars: false
     0 | D:1      | 0 ||| qw: Do Orc after clearing Dungeon:15 true
     0 | D:1      | 0 ||| qw: Do second Lair branch before Depths: true
     0 | D:1      | 0 ||| qw: Lair rune preference: random
     0 | D:1      | 0 ||| qw: Goals: Normal
     0 | D:1      | 0 ||| PLANNING D:1-11
   205 | D:1      | Reached XP level 2. HP: 16/16 MP: 4/4
   208 | D:1      | Reached skill level 6 in Ranged Weapons
   726 | D:1      | 726 ||| UPGRADING to +2 pair of gloves.
   731 | D:1      | 731 ||| READING scroll labelled UDUNICWA KULL.
   735 | D:1      | 735 ||| READING scroll labelled VOEDU JOLA.
   764 | D:1      | 764 ||| READING scroll labelled LUONER WOYRORA.
   765 | D:1      | 765 ||| DROPPING scroll of butterflies.
  1357 | D:2      | 1357 ||| UPGRADING to +0 ring mail.
  1367 | D:2      | 1367 ||| DROPPING +0 leather armour.
  1368 | D:2      | 1368 ||| READING scroll labelled KEUSAL WOYLI.
  1369 | D:2      | 1369 ||| READING scroll labelled NAID MIDYRIDGH.
  1369 | D:2      | 1369 ||| BRANDING +0 shortbow.
  1370 | D:2      | 1370 ||| READING scroll labelled DACIOTETIGY.
  1371 | D:2      | 1371 ||| READING 2 scrolls labelled URI POUHOAM.
  1371 | D:2      | 1371 ||| ENCHANTING +0 shortbow of flaming.
  1372 | D:2      | 1372 ||| READING scroll of enchant weapon.
  1372 | D:2      | 1372 ||| ENCHANTING +1 shortbow of flaming.
  1373 | D:2      | 1373 ||| READING scroll labelled DUAJI WIOLOA.
  1374 | D:2      | 1374 ||| DRINKING 2 red potions.
  1375 | D:2      | 1375 ||| DROPPING potion of degeneration.
  1377 | D:2      | 1377 ||| Stepping ~*~*~tactically~*~*~ (cloud).
  1377 | D:2      | HP: 4/16 [poisoned by you (poison gas)]
  1378 | D:2      | HP: 1/16 [poisoned by you (poison gas)]
  1379 | D:2      | Succumbed to their own poison gas

Levels and vault maps discovered:
D:1:      ncdulo_wetmaze, layout_basic, minmay_tree_intersection,
          nicolae_concentric_dashed_squares_mild
D:2:      layout_basic, minmay_misc_feat_enclosed

Skill      XL: |  1  2 |
---------------+-------+-----
Ranged Weapons | 6 |  6.6
Fighting       | |  1.5
Dodging        | |  2.4
Stealth        | |  1.2

Action                     || total
---------------------------++-------
   Fire: Shortbow          ||    48
    Use: Scroll            ||     9
         Potion            ||     1
 Armour: Leather armour    ||     7
  Dodge: Dodged            ||     8

Table legend:
 A = Non-vault XP
 B = Vault XP
 C = Vault XP percentage of total XP
 D = Non-vault monster count
 E = Vault monster count
 F = Vault count percentage of total count
                 A         B        C        D         E       F
            +---------+---------+-------+---------+---------+-------
      Total |      39 |       0 |   0.0 |      22 |       0 |   0.0
            +---------+---------+-------+---------+---------+-------
        D:1 |      28 |       0 |   0.0 |      16 |       0 |   0.0
        D:2 |      11 |       0 |   0.0 |       6 |       0 |   0.0
            +---------+---------+-------+---------+---------+-------
